 Dungeon Crawl Stone Soup version 0.30.0-16-gbe6223bb7e (webtiles) character file.

Game seed: 175204821582405846

269 Descartes the Shield-Bearer (level 6, -3/48 HPs)
             Began as a Formicid Fighter on May 20, 2023.
             Killed from afar by a steam dragon (10 damage)
             ... with a ball of steam
             ... on level 6 of the Dungeon.
             The game lasted 00:05:26 (2692 turns).

Descartes the Shield-Bearer (Formicid Fighter)      Turns: 2692, Time: 00:05:26

Health: -3/48      AC: 13    Str: 22    XL:     6   Next: 46%
Magic:  6/6        EV:  6    Int:  8    God:
Gold:   208        SH:  5    Dex: 13    Spells: 1/5 levels left

rFire   . . .        e - +1 whip (venom)
rCold   . . .        c - +0 buckler
rNeg    . . .        y - +0 plate armour
rPois   .            (helmet unavailable)
rElec   .            n - +0 cloak
rCorr   .            (no gloves)
SInv    +            (no boots)
Will    .....        (no amulet) Stlth
                     (no ring)
HPRegen 0.28/turn    (no ring)
MPRegen 0.10/turn

%: no passive effects
@: no status effects
A: permanent stasis, dig shafts and tunnels, antennae 3, four strong arms
a: Dig, Shaft Self


You were on level 6 of the Dungeon.
You visited 1 branch of the dungeon, and saw 5 of its levels.

You collected 208 gold pieces.

Inventory:

Hand Weapons
 a - a +0 war axe
 e - a +1 whip of venom (weapon)
 h - a +1 heavy hammer
 i - a +0 trident of protection
 m - a +3 quarterstaff of chaos
Missiles
 k - 5 boomerangs
 l - 6 poisoned darts
Armour
 b - a +0 scale mail
 c - a +0 buckler (worn)
 n - a +0 cloak (worn)
 y - a +0 plate armour (worn)
Jewellery
 u - a ring of positive energy
Wands
 w - a wand of paralysis (1)
Scrolls
 f - 2 scrolls of fog {unknown}
 g - a scroll of teleportation {unknown}
 j - a scroll of brand weapon {unknown}
 o - 2 scrolls of enchant weapon {unknown}
 p - 2 scrolls of fear {unknown}
 q - 3 scrolls of identify {unknown}
 v - a scroll of silence {unknown}
 x - a scroll of magic mapping {unknown}
Potions
 d - 2 potions of might
 r - a potion of attraction {unknown}
 s - 2 potions of invisibility {unknown}
 t - a potion of heal wounds {unknown}
 z - a potion of mutation {unknown}
 A - a potion of magic {unknown}


   Skills:
 + Level 4.1 Fighting
 + Level 3.0(3.3) Axes
 + Level 2.0(2.8) Maces & Flails
 + Level 4.1 Armour
 + Level 4.9 Shields
 + Level 1.8 Translocations
 + Level 2.0 Evocations


You had one spell level left.
You knew the following spells:

 Your Spells              Type           Power      Damage    Failure   Level
a - Passage of Golubria   Tloc           2%         N/A       100%        4

Your spell library contained the following spells:

 Spells                   Type           Power      Damage    Failure   Level
 Ensorcelled Hibernation  Hex/Ice        0%         N/A       100%        2
 Sublimation of Blood     Necr           0%         N/A       100%        2
 Wereblood                Tmut           0%         N/A       100%        2
 Spider Form              Tmut/Pois      0%         N/A       100%        3
 Anguish                  Hex/Necr       0%         N/A       100%        4
 Silence                  Hex/Air        0%         N/A       100%        5
 Summon Hydra             Summ           0%         N/A       100%        7
 Lehudib's Crystal Spear  Conj/Erth      0%         10d2      100%        8


Dungeon Overview and Level Annotations

Branches:
Dungeon (6/15)
 Temple: D:4-7

Altars:
Sif Muna

Shops:
D:2 (


Innate Abilities, Weirdness & Mutations

You cannot be hasted, slowed, berserked, paralysed or teleported.
You can dig through walls and to a lower floor.
You have a pair of large antennae on your head. (SInv)
Your four strong arms can wield two-handed weapons with a shield.


Message History

You closely miss the steam dragon.
The steam dragon is moderately wounded.
You hit the steam dragon.
The steam dragon is moderately wounded.
The steam dragon bites you but does no damage.
The steam dragon barely misses you.
The steam dragon bites you but does no damage.
You block the steam dragon's attack.
Unknown command.
You hit the steam dragon but do no damage.
The steam dragon is moderately wounded.
The steam dragon breathes steam at you. The ball of steam hits you!!
* * * LOW HITPOINT WARNING * * *
The steam dragon bites you but does no damage.
The steam dragon claws you but does no damage.
You hit the steam dragon.
The steam dragon is poisoned.
The steam dragon is heavily wounded.
You hit the steam dragon.
The steam dragon looks as sick as possible!
The steam dragon is heavily wounded.
The steam dragon bites you but does no damage.
You block the steam dragon's attack. The steam dragon bites you.
* * * LOW HITPOINT WARNING * * *
The steam dragon claws you but does no damage.
You hit the steam dragon.
The steam dragon is heavily wounded.
Unknown command.
You hit the steam dragon.
The steam dragon looks as sick as possible!
The steam dragon is severely wounded.
The steam dragon bites you.
* * * LOW HITPOINT WARNING * * *
You block the steam dragon's attack.
Unknown command.
You barely miss the steam dragon.
The steam dragon is almost dead.
The steam dragon breathes steam at you. The ball of steam hits you!
You die...

#... #...# #...#
#####.
#...##......
#...........
#.>#........
#.##........
##D##........
#@Y..........
#....##.........
##.....!........
##..#..........
#...#...ยง...>..
...#.#..........
##..............
......#........
... #......


You could see a steam dragon (extremely poisoned, catching breath) and a sky
beast.

Vanquished Creatures
  Crazy Yiuf (D:2)
  A jelly (D:4)
  Jessica (D:3)
  Ijyb (D:3)
  Terence (D:2)
  Robin (D:1)
  5 adders
  A worm (D:3)
  3 dart slugs
  An orc (D:3)
  3 bats
  4 endoplasms
  A giant cockroach (D:3)
  10 goblins
  9 hobgoblins
  8 jackals
  A quokka (D:1)
  5 ball pythons
  4 frilled lizards
  7 kobolds
  6 rats
74 creatures vanquished.

Notes
Turn   | Place    | Note
-------+----------+-------------------------------------------
     0 | D:1      | Descartes the Formicid Fighter began the quest for the Orb.
     0 | D:1      | Reached XP level 1. HP: 18/18 MP: 1/1
    86 | D:1      | Reached XP level 2. HP: 24/24 MP: 2/2
   215 | D:1      | Reached XP level 3. HP: 27/29 MP: 3/3
   747 | D:2      | Noticed Robin
   769 | D:1      | Killed Robin
   770 | D:1      | Reached skill level 1 in Maces & Flails
   770 | D:1      | Reached skill level 1 in Evocations
   845 | D:2      | Reached XP level 4. HP: 36/36 MP: 4/4
   995 | D:2      | Reached skill level 1 in Translocations
  1018 | D:2      | Found a runed translucent door.
  1019 | D:2      | Noticed Crazy Yiuf
  1026 | D:2      | Killed Crazy Yiuf
  1027 | D:2      | Reached XP level 5. HP: 10/42 MP: 5/5
  1345 | D:2      | Noticed Terence
  1351 | D:2      | Killed Terence
  1441 | D:2      | Found a faded altar of an unknown god.
  1444 | D:2      | Found Afijos's Weapon Emporium.
  1848 | D:3      | Noticed Ijyb
  1868 | D:3      | Killed Ijyb
  1869 | D:3      | Reached XP level 6. HP: 31/48 MP: 6/6
  1945 | D:3      | Learned a level 4 spell: Passage of Golubria
  2133 | D:3      | Noticed Jessica
  2141 | D:3      | Killed Jessica
  2462 | D:4      | HP: 1/48 [acid (9)]
  2672 | D:4      | Found a shimmering blue altar of Sif Muna.
  2675 | D:4      | You fall into a shaft and drop 2 floors!
  2678 | D:6      | Noticed a steam dragon
  2682 | D:6      | Noticed a sky beast
  2692 | D:6      | Killed from afar by a steam dragon

Illustrated notes

Levels and vault maps discovered:
D:1:      saegor_arrival_miasma, layout_loops_ring
D:2:      layout_loops_ring, basic_ecumenical_altar, serial_shops,
          nicolae_shop_stone, uniq_terence, uniq_robin, uniq_crazy_yiuf_cottage
D:3:      layout_basic, uniq_ijyb, uniq_jessica
D:4:      layout_basic, mainiacjoe_overflow_tiny_flanked,
          hellmonk_ghost_happy_afterlife, amcnicky_mini_corridor_feature,
          st_stairs_2, minivault_19
D:6:      layout_rooms, marbit_many_paths, gammafunk_temple_overflow_forgotten,
          serial_shops, nicolae_shop_crystal, minivault_19,
          hangedman_decor_peaks_small, amcnicky_mini_rare_corridor_liquid

Skill      XL: |  1  2  3  4  5  6 |
---------------+-------------------+-----
Maces & Flails | 1 2 |  2.0
Evocations     | 1 2 |  2.0
Translocations | 1 |  1.8
Fighting       | 4 |  4.1
Armour         | 4 |  4.1
Axes           | 3 |  3.0
Shields        | |  4.9

Action                     |  1- 3 |  4- 6 || total
---------------------------+-------+-------++-------
  Melee: War axe           |    11 |       ||    11
         Whip              |    73 |   146 ||   219
    Use: Potion            |       |     1 ||     1
 Armour: Scale mail        |    37 |    55 ||    92
         Plate armour      |       |    20 ||    20
  Dodge: Dodged            |    32 |    51 ||    83
  Block: Buckler           |    22 |    29 ||    51
